 Dungeon Crawl Stone Soup version 0.20.0 (webtiles) character file.

246 FakerFangirl the Basher (level 5, -3/45 HPs)
             Began as a Draconian Fighter on May 26, 2017.
             Slain by a worker ant (5 damage)
             ... on level 4 of the Dungeon.
             The game lasted 00:03:14 (2646 turns).

FakerFangirl the Basher (Draconian Fighter)         Turns: 2646, Time: 00:03:14

Health: -3/45      AC:  5    Str: 19    XL:     5   Next: 84%
Magic:  5/5        EV: 10    Int:  8    God:
Gold:   275        SH:  9    Dex: 11    Spells: 4/4 levels left

rFire    . . .     SeeInvis .   Y - +1 flail
rCold    . . .     Gourm    .   b - +0 shield
rNeg     . . .     Faith    .   (armour unavailable)
rPois    .         Spirit   .   (helmet restricted)
rElec    .         Reflect  .   (no cloak)
rCorr    .         Harm     .   (no gloves)
MR       .....                  (no boots)
Stlth    +.........             (no amulet)
Regen    0.2/turn               (no ring)
MPRegen  0.1/turn               (no ring)

@: lethally poisoned (-3 -> -10), about to teleport
A: unfitting armour, cold-blooded, AC +5
a: no special abilities


You were on level 4 of the Dungeon.
You were not hungry.

You visited 1 branch of the dungeon, and saw 4 of its levels.

You collected 275 gold pieces.


Innate Abilities, Weirdness & Mutations

Your plain brown scales are hard. (AC +5)
You cannot fit into any form of body armour.
You are cold-blooded and may be slowed by cold attacks.


   Skills:
 + Level 3.5 Fighting
 - Level 12.0 Maces & Flails
 - Level 2.6 Dodging
 - Level 3.0 Shields


You had 4 spell levels left.
You didn't know any spells.

Inventory:

Hand Weapons
 Y - a +1 flail (weapon)
Armour
 b - a +0 shield (worn)
Jewellery
 t - an uncursed ring of see invisible {unknown}
Wands
 a - a wand of random effects (18/48)
Scrolls
 e - a scroll of recharging {unknown}
 n - a scroll of remove curse
 o - a scroll of identify
Potions
 c - 4 potions of might
 f - a potion of heal wounds {unknown}
 h - a potion of flight {unknown}
 k - 2 potions of curing {unknown}
 m - a potion of magic {unknown}
 p - a potion of mutation {unknown}
 q - a potion of degeneration {unknown}
 s - a potion of berserk rage {unknown}
Comestibles
 d - 2 bread rations
 g - 2 chunks of flesh
 i - 2 royal jellies
 l - 5 fruits
 r - 2 meat rations

Dungeon Overview and Level Annotations

Branches:
Dungeon (4/15)
 Temple: D:4-7

Altars:
Xom
Zin
The Shining One

Shops:
D:4 :


Message History

You sock the worker ant!
The worker ant is severely wounded.
The gnoll hits you from afar with a halberd!
The worker ant bites you.
The gnoll hits you from afar with a halberd.
You closely miss the worker ant.
The worker ant is severely wounded.
The worker ant barely misses you.
The gnoll hits you from afar with a halberd.
2645 ||| READING scroll of teleportation.
As you read the scroll of teleportation, it crumbles to dust.
You feel strangely unstable. The gnoll closely misses you.
The worker ant bites you.
You are poisoned.
The worker ant poisons you!
The gnoll hits you from afar with a halberd.
You closely miss the worker ant.
The worker ant is severely wounded.
You feel sick. The worker ant bites you.
You die...

....#####.#.# #.# ######.....#
....'.....#.# #.# #..........#
....####).#.# #.# #..........#
....# #..#.# #.# #.........##
....# #..#.# #.# #.........#
##+##
##.#.####.#####.........#
######.#..........'(........#
#.......#####.#####.........##
# #.#.....# #@# #.........'. #
#.....# #a# #.........## #
#.....#


ggO #.(.......# # #...... ..... ####......# # ##..... ....... #......# ##
#.............# #......# .# #.............# #[.....# .#.# ..........# #......#
.#.#.# ...#.#### You could see an ogre, a worker ant and 2 gnolls.

Vanquished Creatures
  6 adders
  2 gnolls (D:4)
  3 worms
  A dart slug (D:1)
  4 leopard geckos
  3 orcs
  4 giant cockroaches
  7 goblins
  6 hobgoblins
  3 jackals (D:1)
  4 kobolds
  2 quokkas
  2 bats (D:1)
  4 frilled lizards
  3 rats
54 creatures vanquished.

Vanquished Creatures (others)
  A hound (D:4)
  A worker ant (D:4)
2 creatures vanquished.

Grand Total: 56 creatures vanquished

Notes
Turn   | Place    | Note
-------+----------+-------------------------------------------
     0 | D:1      | FakerFangirl the Draconian Fighter began the quest for the Orb.
     0 | D:1      | Reached XP level 1. HP: 19/19 MP: 1/1
     0 | D:1      | 0 ||| counter = 49
   253 | D:1      | Reached XP level 2. HP: 24/26 MP: 2/2
   362 | D:1      | Reached skill level 3 in Maces & Flails
   674 | D:1      | 674 ||| READING scroll labeled XETIBB UVID.
   675 | D:1      | 675 ||| READING 2 scrolls labeled LENIDW NISSA.
   716 | D:2      | 716 ||| Stepping ~*~*~tactically~*~*~ (outnumbered).
   717 | D:2      | 717 ||| STAIRDANCE
   756 | D:2      | Reached XP level 3. HP: 17/31 MP: 3/3
   876 | D:2      | Found a glowing silver altar of Zin.
   876 | D:2      | Found a glowing golden altar of the Shining One.
   938 | D:2      | 938 ||| Stepping ~*~*~tactically~*~*~ (outnumbered).
   939 | D:2      | 939 ||| Stepping ~*~*~tactically~*~*~ (outnumbered).
  1084 | D:2      | Reached skill level 4 in Maces & Flails
  1384 | D:2      | Reached XP level 4. HP: 30/38 MP: 4/4
  1454 | D:2      | 1454 ||| UPGRADING to glowing buckler.
  1464 | D:2      | 1464 ||| UPGRADING to +0 shield.
  1474 | D:2      | 1474 ||| DROPPING +2 buckler.
  1475 | D:2      | 1475 ||| READING scroll labeled KOTHRO OM SAXIK.
  1476 | D:2      | 1476 ||| READING 2 scrolls labeled NIYMEREILI.
  1477 | D:2      | 1477 ||| READING 4 scrolls labeled FAMATU SOLYESK.
  1478 | D:2      | 1478 ||| DROPPING 3 scrolls of magic mapping.
  2258 | D:3      | 2258 ||| READING scroll labeled IHUTZAZXAN.
  2259 | D:3      | 2259 ||| READING 3 scrolls labeled HUXTIH UFIUFI.
  2260 | D:3      | 2260 ||| READING scroll labeled RUOGROXECI.
  2261 | D:3      | 2261 ||| READING 2 scrolls of identify.
  2261 | D:3      | 2261 ||| IDENTIFYING black potion
  2262 | D:3      | 2262 ||| DRINKING potion of experience.
  2262 | D:3      | Reached skill level 12 in Maces & Flails
  2262 | D:3      | Reached XP level 5. HP: 45/45 MP: 5/5
  2308 | D:4      | 2308 ||| STAIRDANCE
  2392 | D:4      | Found Fani's Book Shoppe.
  2395 | D:4      | Noticed a phantom
  2457 | D:4      | Found a shimmering altar of Xom.
  2632 | D:4      | Noticed an ogre
  2644 | D:4      | HP: 10/45 [gnoll/halberd (3)]
  2645 | D:4      | 2645 ||| READING scroll of teleportation.
  2645 | D:4      | HP: 3/45 [gnoll/halberd (6)]
  2646 | D:4      | Slain by a worker ant

Vault maps used:
D:1:      evilmike_arrival_home_sweet_home, minmay_misc_feat_tower
D:2:      gammafunk_temple_overflow_wave, minmay_misc_feat_roman,
          minmay_misc_feat_iff
D:3:      mrwooster_statue_mirror
D:4:      serial_shops, nicolae_shop_behind_doors, xom_confusion_cloud,
          uniq_grinder

Skill      XL: |  1  2  3  4 |
---------------+-------------+-----
Maces & Flails | 3 4 12 | 12.0
Fighting       | |  3.5
Dodging        | |  2.6
Shields        | |  3.0

Action                   |  1- 3 |  4- 6 || total
-------------------------+-------+-------++-------
Melee: Flail             |   131 |    56 ||   187
       Tailslap          |    13 |     3 ||    16
  Use: Scroll            |     2 |     8 ||    10
       Potion            |       |     1 ||     1
  Eat: Chunk             |     2 |     4 ||     6
Armor: Skin              |    36 |     7 ||    43
Dodge: Dodged            |    56 |    17 ||    73
Block: Shield            |    58 |    14 ||    72
